| TOP OF THE 1ST |
|
Tacoma Rainiers batting - Pitching for Pawtucket Red Sox : RHP Alex Willerton
|
|
Pitching: RHP Alex Willerton
|
|
|
Batting: LHB Jawad Fahad
|
0-0: Ball 1-0: Ball 2-0: Called Strike 2-1: Foul Ball, location: 2F 2-2: Foul Ball, location: 2F 2-2: SINGLE (Groundball, 25, EV 69.4 MPH) (infield hit)
|
|
Batting: LHB Josh Pittman
|
0-0: Called Strike 0-1: Ball 1-1: Foul Ball, location: 2F 1-2: Strikes out swinging
|
|
Batting: LHB Addisu Nyamekye
|
0-0: Called Strike 0-1: Ball 1-1: Swinging Strike 1-2: Foul Ball, location: 2F 1-2: Strikes out swinging
|
|
Batting: SHB Ray Skogen
|
0-0: Ground out U3 (Groundball, 3, EV 81.9 MPH)
|
| Top of the 1st over - 0 runs, 1 hit, 0 errors, 1 left on base; Tacoma 0 - Pawtucket 0 |
| BOTTOM OF THE 1ST |
|
Pawtucket Red Sox batting - Pitching for Tacoma Rainiers : RHP Trevor Jacobsen
|
|
Pitching: RHP Trevor Jacobsen
|
|
|
Batting: RHB Matt Hinkle
|
0-0: Ball 1-0: Ball 2-0: Foul Ball, location: 2F 2-1: SINGLE (Groundball, 25, EV 73.1 MPH) (infield hit)
|
|
Batting: RHB Roberto Morales
|
0-0: Ball 1-0: Ball 2-0: Ball 3-0: Called Strike 3-1: Base on Balls Matt Hinkle to second
|
|
Batting: RHB Dave Burwell
|
0-0: Ball 1-0: DOUBLE (Line Drive, 78XD, EV 108.8 MPH) Matt Hinkle scores Roberto Morales to third
|
|
Batting: LHB Zack Guillen
|
0-0: Foul Ball, location: 2F 0-1: Ball 1-1: Foul Ball, location: 2F 1-2: Strikes out looking
|
|
Batting: RHB Carlos Nolasco
|
0-0: Ball 1-0: Called Strike 1-1: Foul Ball, location: 2F 1-2: Fly out, F8 (Line Drive, 8LM, EV 100.0 MPH) Runner from 3rd tags up, OUT at HOME! 8-2
|
| Bottom of the 1st over - 1 run, 2 hits, 0 errors, 1 left on base; Tacoma 0 - Pawtucket 1 |
| TOP OF THE 2ND |
|
Tacoma Rainiers batting - Pitching for Pawtucket Red Sox : RHP Alex Willerton
|
|
Batting: RHB Chris Skaff
|
0-0: Ball 1-0: Called Strike 1-1: Swinging Strike 1-2: Ball 2-2: Ball 3-2: Base on Balls
|
|
Batting: RHB Zach Downs
|
0-0: Ball 1-0: Ball 2-0: Fielders Choice at 2nd, 6-4 (Groundball, 6M, EV 85.0 MPH)
|
|
Batting: RHB Josh Ruhl
|
0-0: Foul Ball, location: 2F 0-1: Ball 1-1: Ball 2-1: Fly out, F7 (Flyball, 78S, EV 89.4 MPH)
|
|
Batting: RHB Enrique Valdez
|
0-0: Ball 1-0: Ball 2-0: Foul Ball, location: 2F 2-1: SINGLE (Groundball, 5S, EV 73.1 MPH) (infield hit) Zach Downs to second
|
|
Batting: RHB Julian Gregory
|
0-0: Ball 1-0: SINGLE (Line Drive, 89S, EV 98.1 MPH) Zach Downs to third Enrique Valdez to second Runner from 3rd tries for Home, SAFE, throw by RF to home
|
|
Batting: LHB Jawad Fahad
|
0-0: Ball 1-0: Ground out U3 (Groundball, 3L, EV 79.4 MPH)
|
| Top of the 2nd over - 1 run, 2 hits, 0 errors, 2 left on base; Tacoma 1 - Pawtucket 1 |
| BOTTOM OF THE 2ND |
|
Pawtucket Red Sox batting - Pitching for Tacoma Rainiers : RHP Trevor Jacobsen
|
|
Batting: RHB Joe Sandoval
|
0-0: Called Strike 0-1: Ball 1-1: Ball 2-1: Foul Ball, location: 2F 2-2: Ball 3-2: Foul Ball, location: 2F 3-2: Foul Ball, location: 2F 3-2: SINGLE (Flyball, 78S, EV 93.8 MPH) - OUT at second base trying to stretch hit.
|
|
Batting: LHB Frank Olivo
|
0-0: Swinging Strike 0-1: Called Strike 0-2: Ball 1-2: Ball 2-2: Foul Ball, location: 2F 2-2: Ground out 6-3 (Groundball, 6, EV 90.0 MPH)
|
|
Batting: RHB Rodolfo Contreras
|
0-0: Ball 1-0: Called Strike 1-1: Swinging Strike 1-2: Ball 2-2: Foul Ball, location: 2F 2-2: Ground out U3 (Groundball, 3S, EV 79.4 MPH)
|
| Bottom of the 2nd over - 0 runs, 1 hit, 0 errors, 0 left on base; Tacoma 1 - Pawtucket 1 |
| TOP OF THE 3RD |
|
Tacoma Rainiers batting - Pitching for Pawtucket Red Sox : RHP Alex Willerton
|
|
Batting: LHB Josh Pittman
|
0-0: Ball 1-0: Foul Ball, location: 2F 1-1: Ball 2-1: Ball 3-1: Called Strike 3-2: SINGLE (Groundball, 4S, EV 65.6 MPH) (infield hit)
|
|
Batting: LHB Addisu Nyamekye
|
0-0: Ball 1-0: SINGLE (Groundball, 34D, EV 99.4 MPH) Josh Pittman to second
|
|
Batting: SHB Ray Skogen
|
0-0: DOUBLE (Line Drive, 9LM, EV 101.9 MPH) Josh Pittman scores Addisu Nyamekye to third
|
|
Batting: RHB Chris Skaff
|
0-0: Ball 1-0: Ball 2-0: Ground out 6-3 (Groundball, 6, EV 100.6 MPH) Addisu Nyamekye scores
|
|
Batting: RHB Zach Downs
|
0-0: SINGLE (Groundball, 4MD, EV 103.1 MPH) Ray Skogen to third Runner from 3rd tries for Home, SAFE, throw by CF to home Zach Downs to second
|
|
Batting: RHB Josh Ruhl
|
0-0: Called Strike 0-1: Swinging Strike 0-2: Strikes out looking
|
|
Batting: RHB Enrique Valdez
|
0-0: Foul Ball, location: 2F 0-1: Ball 1-1: Swinging Strike 1-2: Foul Ball, location: 2F 1-2: Foul Ball, location: 2F 1-2: Ball 2-2: Ground out 3-1 (Groundball, 34, EV 83.1 MPH)
|
| Top of the 3rd over - 3 runs, 4 hits, 0 errors, 1 left on base; Tacoma 4 - Pawtucket 1 |
| BOTTOM OF THE 3RD |
|
Pawtucket Red Sox batting - Pitching for Tacoma Rainiers : RHP Trevor Jacobsen
|
|
Batting: RHB Joe Evrard
|
0-0: Called Strike 0-1: Ball 1-1: Foul Ball, location: 2F 1-2: Fly out, F9 (Flyball, 89M, EV 85.6 MPH)
|
|
Batting: RHB Matt Hinkle
|
0-0: Ball 1-0: Ball 2-0: Ball 3-0: Called Strike 3-1: SINGLE (Groundball, 56D, EV 98.8 MPH)
|
|
Batting: RHB Roberto Morales
|
0-0: Ball 1-0: Called Strike 1-1: Swinging Strike 1-2: Grounds into double play, 4-6-3 (Groundball, 4M, EV 106.9 MPH)
|
| Bottom of the 3rd over - 0 runs, 1 hit, 0 errors, 0 left on base; Tacoma 4 - Pawtucket 1 |
| TOP OF THE 4TH |
|
Tacoma Rainiers batting - Pitching for Pawtucket Red Sox : RHP Alex Willerton
|
|
Batting: RHB Julian Gregory
|
0-0: Swinging Strike 0-1: Ball 1-1: DOUBLE (Line Drive, 78M, EV 88.1 MPH)
|
|
Batting: LHB Jawad Fahad
|
0-0: Ball 1-0: Ball 2-0: Foul Ball, location: 2F 2-1: Foul Ball, location: 2F 2-2: Ball 3-2: DOUBLE (Line Drive, 5D, EV 95.0 MPH) Julian Gregory scores
|
|
Pitching: RHP Danny Klomp
|
|
|
Batting: LHB Josh Pittman
|
0-0: Called Strike 0-1: Foul Ball, location: 2F 0-2: Ball 1-2: Foul Ball, location: 2F 1-2: SINGLE (Line Drive, 56D, EV 96.2 MPH) Jawad Fahad to third
|
|
Batting: LHB Addisu Nyamekye
|
0-0: Ball 1-0: Foul Ball, location: 2F 1-1: Foul Ball, location: 2F 1-2: SINGLE (Flyball, 3D, EV 93.1 MPH) Jawad Fahad scores Josh Pittman to second
|
|
Batting: SHB Ray Skogen
|
0-0: Called Strike 0-1: Fielders Choice at 2nd, 6-4 (Groundball, 6, EV 80.0 MPH) Josh Pittman to third
|
|
Batting: RHB Chris Skaff
|
0-0: Foul Ball, location: 2F 0-1: Ball 1-1: Ball 2-1: Foul Ball, location: 2F 2-2: Reached on error, E6 (Groundball, 56, EV 101.9 MPH) Josh Pittman scores Ray Skogen to second
|
|
Batting: RHB Zach Downs
|
0-0: Ball 1-0: Called Strike 1-1: Foul Ball, location: 2F 1-2: Foul Ball, location: 2F 1-2: Foul Ball, location: 2F 1-2: Ball 2-2: Foul Ball, location: 2F 2-2: Grounds into double play, 6-4-3 (Groundball, 6, EV 84.4 MPH)
|
| Top of the 4th over - 3 runs, 4 hits, 1 error, 1 left on base; Tacoma 7 - Pawtucket 1 |
| BOTTOM OF THE 4TH |
|
Pawtucket Red Sox batting - Pitching for Tacoma Rainiers : RHP Trevor Jacobsen
|
|
Batting: RHB Dave Burwell
|
0-0: Foul Ball, location: 2F 0-1: Ball 1-1: Ball 2-1: SINGLE (Line Drive, 9S, EV 111.9 MPH)
|
|
Batting: LHB Zack Guillen
|
0-0: Ball 1-0: SINGLE (Groundball, 56S, EV 63.8 MPH) (infield hit) Dave Burwell to second
|
|
Batting: RHB Carlos Nolasco
|
0-0: Ball 1-0: Called Strike 1-1: Foul Ball, location: 2F 1-2: 3-RUN HOME RUN (Flyball, 9D, EV 96.9 MPH), Distance : 376 ft
|
|
Batting: RHB Joe Sandoval
|
0-0: Called Strike 0-1: Ball 1-1: Ground out U3 (Groundball, 3S, EV 78.8 MPH)
|
|
Batting: LHB Frank Olivo
|
0-0: Called Strike 0-1: Ball 1-1: Ball 2-1: Ball 3-1: Called Strike 3-2: Foul Ball, location: 2F 3-2: Foul Ball, location: 2F 3-2: SINGLE (Line Drive, 6D, EV 96.2 MPH)
|
|
Batting: RHB Rodolfo Contreras
|
0-0: Ball 1-0: Called Strike 1-1: Ball 2-1: DOUBLE (Line Drive, 5D, EV 102.5 MPH) Frank Olivo to third
|
|
Batting: RHB Joe Evrard
|
0-0: Foul Ball, location: 2F 0-1: Ball 1-1: Ball 2-1: Fly out, F7 (Flyball, 7S, EV 86.2 MPH)
|
|
Batting: RHB Matt Hinkle
|
0-0: Foul Ball, location: 2F 0-1: Ball 1-1: Ball 2-1: Ground out 6-3 (Groundball, 6, EV 85.0 MPH)
|
| Bottom of the 4th over - 3 runs, 5 hits, 0 errors, 2 left on base; Tacoma 7 - Pawtucket 4 |
| TOP OF THE 5TH |
|
Tacoma Rainiers batting - Pitching for Pawtucket Red Sox : RHP Danny Klomp
|
|
Batting: RHB Josh Ruhl
|
0-0: Fly out, F3 (Popup, 3SF, EV 68.8 MPH)
|
|
Batting: RHB Enrique Valdez
|
0-0: Ball 1-0: Ball 2-0: Ball 3-0: Base on Balls
|
|
Batting: RHB Julian Gregory
|
0-0: Ball 1-0: Ball 2-0: Ball 3-0: Base on Balls Enrique Valdez to second
|
|
Batting: LHB Jawad Fahad
|
0-0: Foul Ball, location: 2F 0-1: Ball 1-1: Ball 2-1: Ball 3-1: Base on Balls Enrique Valdez to third Julian Gregory to second
|
|
Batting: LHB Josh Pittman
|
0-0: DOUBLE (Line Drive, 9LS, EV 98.1 MPH) Enrique Valdez scores Julian Gregory scores Jawad Fahad to third Runner from 3rd tries for Home, SAFE, throw by RF to trailing runner, SAFE at third!
|
|
Pitching: RHP Mike Schroeder
|
|
|
Batting: LHB Addisu Nyamekye
|
0-0: Ball 1-0: Foul Ball, location: 2F 1-1: Ground out 4-3 (Groundball, 4S, EV 83.8 MPH) Josh Pittman scores
|
|
Batting: SHB Ray Skogen
|
0-0: Ball 1-0: Foul Ball, location: 2F 1-1: Ball 2-1: Ground out U3 (Groundball, 3, EV 103.1 MPH)
|
| Top of the 5th over - 4 runs, 1 hit, 0 errors, 0 left on base; Tacoma 11 - Pawtucket 4 |
| BOTTOM OF THE 5TH |
|
Pawtucket Red Sox batting - Pitching for Tacoma Rainiers : RHP Trevor Jacobsen
|
|
Pitching: RHP David Lane
|
|
|
Batting: RHB Roberto Morales
|
0-0: Called Strike 0-1: Ball 1-1: DOUBLE (Flyball, 89D, EV 99.4 MPH)
|
|
Batting: RHB Dave Burwell
|
0-0: Fly out, F8 (Flyball, 8LXD, EV 100.6 MPH) Runner from 2nd tags up, SAFE at 3rd, no throw by CF
|
|
Batting: LHB Zack Guillen
|
0-0: Called Strike 0-1: Ball 1-1: Ball 2-1: Called Strike 2-2: Fly out, F7 (Flyball, 7D, EV 106.2 MPH) Runner from 3rd tags up, OUT at HOME! 7-2
|
| Bottom of the 5th over - 0 runs, 1 hit, 0 errors, 0 left on base; Tacoma 11 - Pawtucket 4 |
| TOP OF THE 6TH |
|
Tacoma Rainiers batting - Pitching for Pawtucket Red Sox : RHP Mike Schroeder
|
|
Batting: RHB Chris Skaff
|
0-0: Called Strike 0-1: Foul Ball, location: 2F 0-2: Ball 1-2: Foul Ball, location: 2F 1-2: Ball 2-2: Ball 3-2: Base on Balls
|
|
Batting: RHB Zach Downs
|
0-0: Foul Ball, location: 2F 0-1: Ball 1-1: Foul Ball, location: 2F 1-2: Grounds into double play, 5-4-3 (Groundball, 56, EV 100.6 MPH)
|
|
Batting: RHB Josh Ruhl
|
0-0: Foul Ball, location: 2F 0-1: Called Strike 0-2: SINGLE (Groundball, 25, EV 63.1 MPH) (infield hit)
|
|
Batting: RHB Enrique Valdez
|
0-0: Ball 1-0: Called Strike 1-1: Ball Josh Ruhl is caught stealing 2nd base 2-4
|
| Top of the 6th over - 0 runs, 1 hit, 0 errors, 0 left on base; Tacoma 11 - Pawtucket 4 |
| BOTTOM OF THE 6TH |
|
Pawtucket Red Sox batting - Pitching for Tacoma Rainiers : RHP David Lane
|
|
Batting: RHB Carlos Nolasco
|
0-0: Swinging Strike 0-1: Foul Ball, location: 2F 0-2: Strikes out swinging
|
|
Batting: RHB Joe Sandoval
|
0-0: Foul Ball, location: 2F 0-1: Foul Ball, location: 2F 0-2: Ball 1-2: Foul Ball, location: 2F 1-2: Ground out 5-3 (Groundball, 5, EV 87.5 MPH)
|
|
Batting: LHB Frank Olivo
|
0-0: Ground out 4-3 (Groundball, 4, EV 102.5 MPH)
|
| Bottom of the 6th over - 0 runs, 0 hits, 0 errors, 0 left on base; Tacoma 11 - Pawtucket 4 |
| TOP OF THE 7TH |
|
Tacoma Rainiers batting - Pitching for Pawtucket Red Sox : RHP Mike Schroeder
|
|
Batting: RHB Enrique Valdez
|
0-0: Called Strike 0-1: Ball 1-1: Ball 2-1: Swinging Strike 2-2: Strikes out swinging
|
|
Pitching: LHP Eric Del Sordo
|
|
|
Batting: RHB Julian Gregory
|
0-0: Ball 1-0: Called Strike 1-1: Ball 2-1: Foul Ball, location: 2F 2-2: Foul Ball, location: 2F 2-2: Fly out, F8 (Line Drive, 8RS, EV 90.0 MPH)
|
|
Batting: LHB Jawad Fahad
|
0-0: Ball 1-0: SINGLE (Groundball, 34D, EV 101.2 MPH)
|
|
Batting: LHB Josh Pittman
|
0-0: Called Strike 0-1: Swinging Strike 0-2: Ground out 4-3 (Groundball, 34, EV 104.4 MPH)
|
| Top of the 7th over - 0 runs, 1 hit, 0 errors, 1 left on base; Tacoma 11 - Pawtucket 4 |
| BOTTOM OF THE 7TH |
|
Pawtucket Red Sox batting - Pitching for Tacoma Rainiers : RHP David Lane
|
|
Batting: RHB Rodolfo Contreras
|
0-0: Ball 1-0: Ball 2-0: Called Strike 2-1: Ball 3-1: Swinging Strike 3-2: Strikes out swinging
|
|
Batting: RHB Joe Evrard
|
0-0: Ball 1-0: Foul Ball, location: 2F 1-1: Called Strike 1-2: Ball 2-2: Strikes out swinging
|
|
Batting: RHB Matt Hinkle
|
0-0: SINGLE (Line Drive, 8LS, EV 109.4 MPH)
|
|
Batting: RHB Roberto Morales
|
0-0: Called Strike Matt Hinkle steals 2nd base (no throw) 0-1: Swinging Strike 0-2: Strikes out swinging
|
| Bottom of the 7th over - 0 runs, 1 hit, 0 errors, 1 left on base; Tacoma 11 - Pawtucket 4 |
| TOP OF THE 8TH |
|
Tacoma Rainiers batting - Pitching for Pawtucket Red Sox : LHP Eric Del Sordo
|
|
Batting: LHB Addisu Nyamekye
|
0-0: Called Strike 0-1: SINGLE (Groundball, 4D, EV 105.0 MPH)
|
|
Batting: SHB Ray Skogen
|
0-0: Fly out, F9 (Line Drive, 9S, EV 94.4 MPH)
|
|
Batting: RHB Chris Skaff
|
0-0: Foul Ball, location: 2F 0-1: SINGLE (Line Drive, 9S, EV 111.9 MPH) Addisu Nyamekye to second
|
|
Batting: RHB Zach Downs
|
0-0: Called Strike 0-1: Ball 1-1: Ball 2-1: Called Strike 2-2: Ball 3-2: Base on Balls Addisu Nyamekye to third Chris Skaff to second
|
|
Batting: RHB Josh Ruhl
|
0-0: Ball 1-0: Called Strike 1-1: Fly out, F7 (Line Drive, 7, EV 90.0 MPH) Runner from 3rd tags up, OUT at HOME! 7-2
|
| Top of the 8th over - 0 runs, 2 hits, 0 errors, 2 left on base; Tacoma 11 - Pawtucket 4 |
| BOTTOM OF THE 8TH |
|
Pawtucket Red Sox batting - Pitching for Tacoma Rainiers : RHP David Lane
|
|
Batting: RHB Dave Burwell
|
0-0: Ball 1-0: Foul Ball, location: 2F 1-1: Ball 2-1: Foul Ball, location: 2F 2-2: Foul Ball, location: 2F 2-2: Ball 3-2: Fly out, F7 (Flyball, 7S, EV 93.8 MPH)
|
|
Batting: LHB Zack Guillen
|
0-0: Swinging Strike 0-1: Fly out, F8 (Flyball, 8RM, EV 88.8 MPH)
|
|
Batting: RHB Carlos Nolasco
|
0-0: Foul Ball, location: 2F 0-1: Ground out 6-3 (Groundball, 6, EV 107.5 MPH)
|
| Bottom of the 8th over - 0 runs, 0 hits, 0 errors, 0 left on base; Tacoma 11 - Pawtucket 4 |
| TOP OF THE 9TH |
|
Tacoma Rainiers batting - Pitching for Pawtucket Red Sox : LHP Eric Del Sordo
|
|
Pitching: RHP Jim Whiteman
|
|
|
Batting: RHB Enrique Valdez
|
0-0: Swinging Strike 0-1: Called Strike 0-2: Ball 1-2: Ball 2-2: Strikes out swinging
|
|
Batting: RHB Julian Gregory
|
0-0: Ball 1-0: Foul Ball, location: 2F 1-1: Swinging Strike 1-2: Foul Ball, location: 2F 1-2: Ground out 4-3 (Groundball, 4, EV 110.0 MPH)
|
|
Batting: LHB Jawad Fahad
|
0-0: Ball 1-0: Called Strike 1-1: Swinging Strike 1-2: Strikes out looking
|
| Top of the 9th over - 0 runs, 0 hits, 0 errors, 0 left on base; Tacoma 11 - Pawtucket 4 |
| BOTTOM OF THE 9TH |
|
Pawtucket Red Sox batting - Pitching for Tacoma Rainiers : RHP David Lane
|
|
Batting: RHB Joe Sandoval
|
0-0: Ball 1-0: Called Strike 1-1: Ball 2-1: Ball 3-1: Foul Ball, location: 2F 3-2: Strikes out looking
|
|
Batting: LHB Frank Olivo
|
0-0: Foul Ball, location: 2F 0-1: Called Strike 0-2: Ball 1-2: Ball 2-2: Ball 3-2: DOUBLE (Flyball, 89D, EV 100.6 MPH)
|
|
Pitching: RHP Chris Julien
|
|
|
Batting: RHB Rodolfo Contreras
|
0-0: Ball 1-0: Called Strike 1-1: Called Strike 1-2: Ground out 6-3 (Groundball, 6, EV 85.0 MPH)
|
|
Pinch Hitting: LHB David Moore
|
0-0: Fly out, F7 (Flyball, 78D, EV 95.6 MPH)
|
| Bottom of the 9th over - 0 runs, 1 hit, 0 errors, 1 left on base; Tacoma 11 - Pawtucket 4 |
|